 Dungeon Crawl Stone Soup version 0.31-a0-208-gdb31a4691d (webtiles) character file.

Game seed: 6061092798224878560

85 Anon1729 the Ducker (level 4, -8/34 HPs)
             Began as a Demonspawn Gladiator on June 28, 2023.
             Mangled by Crazy Yiuf
             ... wielding a +4 quarterstaff of chaos
              (11 damage)
             ... on level 2 of the Dungeon.
             The game lasted 00:00:53 (1495 turns).

Anon1729 the Ducker (Demonspawn Gladiator)          Turns: 1495, Time: 00:00:53

Health: -8/34      AC:  4    Str: 14    XL:     4   Next: 25%
Magic:  5/5        EV: 12    Int: 10    God:
Gold:   91         SH:  0    Dex: 16    Spells: 3/3 levels left

rFire   . . .        a - +0 rapier
rCold   . . .        (no shield)
rNeg    + + .        b - +0 leather armour
rPois   .            c - +0 helmet
rElec   .            l - scarf {+Inv}
rCorr   .            (no gloves)
SInv    .            (no boots)
Will    .....        m - amulet of the acrobat
Stlth   +            h - ring of positive energy
HPRegen 0.25/turn    n - ring of positive energy
MPRegen 0.18/turn

%: acrobat
@: no status effects
A: hooves 1, spiny 1, magic regeneration
a: Evoke Invisibility


You were on level 2 of the Dungeon.
You visited 1 branch of the dungeon, and saw 2 of its levels.

You collected 91 gold pieces.

Inventory:

Hand Weapons
 a - a +0 rapier (weapon)
Missiles
 d - 3 throwing nets (quivered)
 e - a javelin
Armour
 b - a +0 leather armour (worn)
 c - a +0 helmet (worn)
 l - a scarf of invisibility (worn)
Jewellery
 h - a ring of positive energy (left hand)
 m - an amulet of the acrobat (around neck)
 n - a ring of positive energy (right hand)
Scrolls
 g - a scroll of identify {unknown}
 i - a scroll of poison {unknown}
Potions
 f - a potion of curing {unknown}
 j - a potion of berserk rage {unknown}
 k - 2 potions of lignification {unknown}
 o - a potion of invisibility {unknown}
 p - a potion of enlightenment {unknown}


   Skills:
 + Level 2.7 Fighting
 + Level 3.1 Short Blades
 - Level 1.8 Throwing
 + Level 1.1 Armour
 + Level 3.1 Dodging
 + Level 2.1 Invocations
 + Level 0.6 Evocations


You had 3 spell levels left.
You didn't know any spells.
Your spell library contained the following spells:

 Spells                   Type           Power      Damage    Failure   Level
 Animate Dead             Necr           0%         N/A       99%         4
 Borgnjor's Vile Clutch   Necr/Erth      0%         N/A       100%        5
 Death Channel            Necr           0%         N/A       100%        6


Dungeon Overview and Level Annotations

Branches:
Dungeon (2/15)

Altars:

Annotations:
D:2 Crazy Yiuf


Innate Abilities, Weirdness & Mutations

You have large cloven feet.
You are partially covered in sharp spines.
You regenerate magic rapidly.


Message History

You hit the fungus.
The fungus is lightly damaged.
You hit the fungus. You kick the fungus.
The fungus is lightly damaged.
A nearby fungus withers and dies.
Found a hammer.
Found a runed translucent door.
You see here a +0 hammer.
Found a hammer and a glowing hammer.
Crazy Yiuf says, "Goldfish!
Key King tired."
You open the door. You hit Crazy Yiuf. Your kick misses Crazy Yiuf.
Crazy Yiuf is lightly wounded.
Crazy Yiuf hits you with a +4 quarterstaff of chaos!
Crazy Yiuf burns you.
You closely miss Crazy Yiuf. You kick Crazy Yiuf.
Crazy Yiuf is moderately wounded.
Crazy Yiuf cries, "Gnoll!"
Crazy Yiuf hits you with a +4 quarterstaff of chaos!
Crazy Yiuf burns you.
You are too injured to fight recklessly!
You hit Crazy Yiuf but do no damage. You kick Crazy Yiuf.
Crazy Yiuf is moderately wounded.
Crazy Yiuf barely misses you. x2
You aren't carrying any items that you can evoke.
You barely miss Crazy Yiuf. Your kick misses Crazy Yiuf.
Crazy Yiuf is moderately wounded.
Crazy Yiuf is struck by your spines. Crazy Yiuf barely misses you.
You hit Crazy Yiuf.
Crazy Yiuf is heavily wounded.
Crazy Yiuf misses you.
You hit Crazy Yiuf. You kick Crazy Yiuf.
Crazy Yiuf is severely wounded.
Crazy Yiuf hits you with a +4 quarterstaff of chaos!
* * * LOW HITPOINT WARNING * * *
Crazy Yiuf freezes you.
* * * LOW HITPOINT WARNING * * *
You closely miss Crazy Yiuf. Your kick misses Crazy Yiuf.
Crazy Yiuf is severely wounded.
Crazy Yiuf hits you with a +4 quarterstaff of chaos!
You die...

#...#
#.########......#......
#...#
#......................
#...#
###################.###
##### #.#.### #...#..
♣♣♣♣♣####.#.... ###
♣♣♣)♣)P..##.#.#..
#).)#♣..♣.♣P.....#.#..
#...g@♣♣♣♣......##.#..
#)..#♣♣ ♣♣P.......#..
### ♣♣##..###### #..#
#..# ###..# #....#
#....# #....#


You could see Crazy Yiuf.

Vanquished Creatures
  2 adders (D:2)
  A worm (D:2)
  4 bats
  8 endoplasms
  6 giant cockroaches
  5 goblins
  10 hobgoblins
  5 kobolds
  A quokka (D:2)
  10 ball pythons
  3 frilled lizards (D:1)
  3 rats
58 creatures vanquished.

Notes
Turn   | Place    | Note
-------+----------+-------------------------------------------
     0 | D:1      | Anon1729 the Demonspawn Gladiator began the quest for the
                  | Orb.
     0 | D:1      | Reached XP level 1. HP: 16/16 MP: 1/1
   277 | D:1      | Gained mutation: You are partially covered in sharp spines.
                  | [demonic ancestry]
   277 | D:1      | Reached XP level 2. HP: 22/22 MP: 2/2
   283 | D:1      | Found a faded altar of an unknown god.
   318 | D:1      | Reached skill level 1 in Invocations
   527 | D:1      | Discovered your monstrous ancestry.
   527 | D:1      | Gained mutation: You have large cloven feet. [demonic
                  | ancestry]
   527 | D:1      | Reached XP level 3. HP: 28/28 MP: 2/4
  1012 | D:2      | Reached skill level 1 in Armour
  1132 | D:2      | Gained mutation: You regenerate magic rapidly. [demonic
                  | ancestry]
  1132 | D:2      | Reached XP level 4. HP: 34/34 MP: 5/5
  1484 | D:2      | Found a runed translucent door.
  1485 | D:2      | Noticed Crazy Yiuf
  1495 | D:2      | Mangled by Crazy Yiuf

Illustrated notes

Levels and vault maps discovered:
D:1:      dpeg_arrival_water_fire, layout_basic,
          shapermc_ecumenical_altar_pompeii
D:2:      cheibrodos_old_hovel, layout_basic, uniq_crazy_yiuf_cottage

Skill      XL: |  1  2  3  4 |
---------------+-------------+-----
Invocations    | 1 2 |  2.1
Dodging        | 3 |  3.1
Short Blades   | 3 |  3.1
Armour         | 1 |  1.1
Fighting       | |  2.7
Throwing       | |  1.8
Evocations     | |  0.6

Action                     |  1- 3 |  4- 6 || total
---------------------------+-------+-------++-------
  Melee: Rapier            |    81 |    34 ||   115
         Kick              |     7 |     8 ||    15
         Punch             |     1 |       ||     1
   Stab: Sleeping          |     1 |     1 ||     2
 Armour: Leather armour    |    17 |     5 ||    22
  Dodge: Dodged            |    43 |    11 ||    54

Table legend: (Time is in decaauts)
 A = Elapsed time spent in this place.
 B = Non-inter-level travel time spent in this place.
 C = Inter-level travel time spent in this place.
 D = Time resting spent in this place.
 E = Time spent auto-exploring this place.
 F = Levels seen in this place.
 G = Mean time per level.
                   A        B        C        D        E       F      G
               +--------+--------+--------+--------+--------+-----+--------+
         Total |   1499 |   1399 |    100 |      0 |   1100 |   2 |  749.5 |
       Dungeon |   1499 |   1399 |    100 |      0 |   1100 |   2 |  749.5 |
               +--------+--------+--------+--------+--------+-----+--------+

Top non-repeatable levels by time:
     D:1: 969 daAuts
     D:2: 529 daAuts
